 Dungeon Crawl Stone Soup version 0.31.0-32-g396128a36d (webtiles) character file.

Game seed: 17911032717454065308

207 spaghetti the Caller (level 5, -3/45 HPs)
             Began as an Oni Summoner on Mar 9, 2024.
             Incinerated by a bombardier beetle (5 damage)
             ... with a burning spray
             ... on level 4 of the Dungeon.
             The game lasted 00:03:48 (3211 turns).

spaghetti the Caller (Oni Summoner)                 Turns: 3211, Time: 00:03:48

Health: -3/45      AC:  5    Str: 10 (12) XL:     5   Next: 85%
Magic:  7/12       EV:  9    Int: 19 (21) God:
Gold:   180        SH:  0    Dex:  8 (9)  Spells: 8/13 levels left

rFire   . . .        f - staff of death
rCold   . . .        (no shield)
rNeg    + . .        c - +2 robe of Mepnucsa {rElec rCorr Int+3}
rPois   .            (helmet restricted)
rElec   +            (no cloak)
rCorr   +            (gloves unavailable)
SInv    .            (boots unavailable)
Will    .....        (no amulet)
Stlth   +            (no ring)
HPRegen 0.27/turn    (no ring)
MPRegen 0.13/turn

%: no passive effects
@: mighty, brilliant, on fire, glowing, inugami summoned
A: large, unfitting armour, horns 1, tough skin 1, double potion healing,
drunken brawling
a: no special abilities


You were on level 4 of the Dungeon.
You visited 1 branch of the dungeon, and saw 4 of its levels.

You collected 180 gold pieces.

Inventory:

Missiles
 o - 6 curare-tipped darts (quivered)
Armour
 a - a +0 robe
 c - the +2 robe of Mepnucsa (worn) {rElec rCorr Int+3}
   (You found it on level 2 of the Dungeon)

   Int+3:     It affects your intelligence (+3).
   rElec:     It insulates you from electricity.
   rCorr:     It protects you from acid and corrosion.
Magical Staves
 f - a staff of death (weapon)
Scrolls
 d - 2 scrolls of brand weapon {unknown}
 e - 3 scrolls of teleportation {unknown}
 g - 2 scrolls of amnesia
 h - 2 scrolls of identify {unknown}
 j - a scroll of torment {unknown}
 k - a scroll of fear {unknown}
 l - a scroll of immolation {unknown}
 p - a scroll of noise {unknown}
Potions
 b - a potion of magic
 q - a potion of enlightenment {unknown}


   Skills:
 - Level 1.7 Dodging
 - Level 1.4 Stealth
 + Level 4.9 Spellcasting
 + Level 5.1 Summonings


You had 8 spell levels left.
You knew the following spells:

 Your Spells              Type           Power      Damage    Failure   Level
b - Call Imp              Summ           72%        N/A       2%          2
c - Call Canine Familiar  Summ           36%        N/A       4%          3

Your spell library contained the following spells:

 Spells                   Type           Power      Damage    Failure   Level
 Summon Small Mammal      Summ           100%       N/A       1%          1
 Ensorcelled Hibernation  Hex/Ice        14%        N/A       19%         2
 Passwall                 Erth           7%         N/A       36%         3
 Swiftness                Air            7%         N/A       36%         3
 Summon Blazeheart Golem  Fire/Summ      21%        N/A       41%         4
 Summon Lightning Spire   Summ/Air       21%        N/A       41%         4


Dungeon Overview and Level Annotations

Branches:
Dungeon (4/15)
 Temple: D:4-7

Altars:


Innate Abilities, Weirdness & Mutations

You are too large for most types of armour.
You have a pair of small horns on your head.
You have tough skin. (AC +1)
You gain doubled healing and magic from potions.
Whenever you drink a healing potion, you attack all around you.


Message History

Your inugami hits the bombardier beetle.
The bombardier beetle dies!
Your cerulean imp hits the giant cockroach from afar with a -2 spear.
The giant cockroach dies!
Your Summonings skill increases to level 5!
Unknown command.
You shake off some of the fire as you move.
The liquid fire burns you!
* * * LOW HITPOINT WARNING * * *
Your inugami hits the hobgoblin. The hobgoblin hits you.
* * * LOW HITPOINT WARNING * * *
Your cerulean imp hits the hobgoblin from afar with a -2 spear.
The hobgoblin dies!
Unknown command.
Unknown command.
You miss the adder. The liquid fire burns you!
* * * LOW HITPOINT WARNING * * *
The adder misses you.
Your inugami barely misses the adder.
The adder bites you but does no damage.
Your cerulean imp closely misses the adder.
Your inugami hits the adder!
It was a potion of brilliance.
You feel clever all of a sudden. The liquid fire burns you!
* * * LOW HITPOINT WARNING * * *
The adder closely misses you.
Your cerulean imp hits the adder with a -2 spear.
The adder dies!
Okay, then.
You are on fire!
You are on fire!
It was a potion of might.
You feel very mighty all of a sudden. The liquid fire burns you!
* * * LOW HITPOINT WARNING * * *
It was a potion of degeneration.
There was something very wrong with that liquid.
You feel weakened.
You feel dopey.
You feel clumsy. The liquid fire burns you!
You die...

.##. ....# .....
#.....
#....#.... ##
....#.... ... #
..)....##.... ..
#.#.#.......
#.#.#...#.#.#...
#%....†@†...#.#.
..##...h5##.....
............$.#
...#.###.#....#
..............#.
..##.....##.....
#...........#.#.
#.#.#...#.#.##.#
# #.#.### # ..


You could see a friendly cerulean imp (summoned) and a friendly inugami
(summoned).

Vanquished Creatures
  An orc priest (D:3)
  2 adders
  2 ball pythons
  2 bats (D:1)
  An endoplasm (D:1)
  3 giant cockroaches (D:1)
  A goblin (D:1)
  3 hobgoblins
  4 quokkas
  A frilled lizard (D:3)
  A kobold (D:3)
  A rat (D:1)
22 creatures vanquished.

Vanquished Creatures (collateral kills)
  A scorpion (D:3)
  A bombardier beetle (D:4)
  2 adders
  3 orcs (D:3)
  A giant cockroach (D:4)
  2 goblins
  7 hobgoblins
  3 jackals
  4 ball pythons
  2 bats
  3 kobolds
  A rat (D:3)
30 creatures vanquished.

Grand Total: 52 creatures vanquished

Notes
Turn   | Place    | Note
-------+----------+-------------------------------------------
     0 | D:1      | spaghetti the Oni Summoner began the quest for the Orb.
     0 | D:1      | Reached XP level 1. HP: 16/16 MP: 3/3
   358 | D:1      | Reached XP level 2. HP: 22/24 MP: 5/5
   412 | D:1      | Learned a level 2 spell: Call Imp
   601 | D:1      | Reached skill level 4 in Summonings
   629 | D:2      | Reached XP level 3. HP: 4/31 MP: 2/7
   632 | D:2      | HP: 1/31 [poisoned by an adder]
   642 | D:2      | Learned a level 3 spell: Call Canine Familiar
   862 | D:2      | Identified the +2 robe of Mepnucsa {rElec rCorr Int+3}
  1994 | D:1      | Reached XP level 4. HP: 39/39 MP: 9/9
  2447 | D:3      | Noticed a scorpion
  2463 | D:3      | Killed a scorpion
  2464 | D:3      | Reached XP level 5. HP: 45/45 MP: 3/11
  3207 | D:4      | Reached skill level 5 in Summonings
  3210 | D:4      | HP: 2/45 [burnt (2)]
  3211 | D:4      | Incinerated by a bombardier beetle

Illustrated notes

Levels and vault maps discovered:
D:1:      saegor_arrival_simple_b, layout_loops_ring, dreamdust_princess_bridge,
          minmay_vboxes
D:2:      layout_basic, minmay_misc_feat_four_crosses, corexii_shack
D:3:      layout_loops_ring
D:4:      nicolae_cairo_tiling_large_dashed, layout_loops_ring,
          nicolae_ossuary_entry_plus

Skill      XL: |  1  2  3  4  5 |
---------------+----------------+-----
Spellcasting   | 3 4 |  4.9
Summonings     | 4 5 |  5.1
Dodging        | |  1.7
Stealth        | |  1.4

Action                     |  1- 3 |  4- 6 || total
---------------------------+-------+-------++-------
  Melee: Unarmed           |    12 |       ||    12
         Staff             |    75 |    34 ||   109
         Headbutt          |    11 |     7 ||    18
         Punch             |     1 |       ||     1
   Cast: Summon Small Mamm |    22 |       ||    22
         Call Imp          |    13 |     9 ||    22
         Call Canine Famil |    10 |     7 ||    17
    Use: Potion            |     2 |     3 ||     5
         Scroll            |     1 |       ||     1
   Stab: Distracted        |       |     1 ||     1
 Armour: Robe              |    93 |    21 ||   114
  Dodge: Dodged            |    62 |    16 ||    78
